 Dungeon Crawl Stone Soup version 0.26-a0-215-g1b87330c0f (webtiles) character file.

Game seed: 7537541987229254140

245 MrRokkomies the Vexing (level 5, 0/35 HPs)
             Began as a Vampire Enchanter on July 6, 2020.
             Killed by divine providence
             ... invoked by an orc priest
              (12 damage)
             ... on level 3 of the Dungeon.
             The game lasted 00:12:05 (3007 turns).

MrRokkomies the Vexing (Vampire Enchanter)          Turns: 3007, Time: 00:12:05

Health: 0/35       AC:  4    Str:  8    XL:     5   Next: 84%
Magic:  5/9        EV: 12    Int: 18    God:
Gold:   110        SH:  0    Dex: 14    Spells: 3/9 levels left

rFire    + . .     SeeInvis +   b - +2 dagger (vamp)
rCold    . . .     Faith    .   (no shield)
rNeg     . . .     Spirit   .   c - +0 leather armour {rF+}
rPois    .         Reflect  .   (no helmet)
rElec    .         Harm     .   (no cloak)
rCorr    .                      (no gloves)
MR       .....                  m - +0 pair of boots
Stlth    +++.......             (no amulet)
HPRegen  0.31/turn              p - ring of flight
MPRegen  0.11/turn              (no ring)

@: regenerating quickly
A: no food, fangs 3, see invisible, unbreathing
a: Exsanguinate, Evoke Flight


You were on level 3 of the Dungeon.
You were alive.

You visited 1 branch of the dungeon, and saw 3 of its levels.

You collected 110 gold pieces.

Inventory:

Hand Weapons
 a - a +1 dagger of venom
 b - a +2 vampiric dagger (weapon)
Armour
 c - a +0 leather armour of fire resistance (worn)
 m - a +0 pair of boots (worn)
Jewellery
 p - a ring of flight (left hand)
Wands
 i - a wand of flame (8)
Scrolls
 d - a scroll of blinking {unknown}
 e - 2 scrolls of remove curse
 f - 4 scrolls of identify {unknown}
 j - 2 scrolls of fear {unknown}
 n - a scroll of immolation {unknown}
 o - a scroll of teleportation
Potions
 g - a potion of mutation {unknown}
 h - 2 potions of magic
 k - 3 potions of flight {unknown}
 l - a potion of degeneration {unknown}


   Skills:
 * Level 3.7 Short Blades
 - Level 2.1 Dodging
 + Level 5.8 Stealth
 + Level 2.8 Spellcasting
 * Level 6.6 Hexes


You had 3 spell levels left.
You knew the following spells:

 Your Spells              Type           Power        Failure   Level
a - Corona                Hex            ####...      1%          1
b - Ensorcelled Hibernat  Hex/Ice        ##....       10%         2
c - Confusing Touch       Hex            ####....     4%          3

Your spell library contained the following spells:

 Spells                   Type           Power        Failure   Level
 Tukima's Dance           Hex            ####....     4%          3
 Dazzling Flash           Conj/Hex       ##....       19%         3
 Animate Skeleton         Necr           N/A          24%         1
 Apportation              Tloc           #.....       24%         1
 Summon Small Mammal      Summ           #...         24%         1


Dungeon Overview and Level Annotations

Branches:
Dungeon (3/15)

Altars:


Innate Abilities, Weirdness & Mutations

You do not eat.
Your natural rate of healing is unusually fast.
You have razor-sharp teeth.
You have supernaturally acute eyesight. (SInv)
You can survive without breathing.


Message History

Aim: an orc, wielding a +0 hand axe and wearing a +0 leather armour (chance to defeat MR: 62%)
The orc looks drowsy...
The orc priest calls down the wrath of Beogh upon you.
Beogh smites you! The orc barely misses you.
The helpless orc fails to defend itself.
You impale the orc!!
You feel better.
You kill the orc!
The orc priest closely misses you. The orc hits you with a +0 short sword.
The orc closely misses you.
Items here: ) [ †† a +0 hand axe; a +0 leather armour; an orc corpse; a leopard gecko corpse
Casting: Ensorcelled Hibernation (safe; 10% risk of failure)
Confirm with . or Enter, or press ? or * to list all spells.
Aiming: Ensorcelled Hibernation (safe; 10% risk of failure)
Press: ? - help, Shift-Dir - straight line, f - orc priest
Aim: an orc priest, wielding a +0 trident (chance to defeat MR: 45%)
The orc priest resists with some effort.
The orc priest mumbles some strange prayers to Beogh against you.
Beogh smites you!
You die...

....##.<#..######.##..## ###.#
##...#..#..# #...(#....##..##..#
.....[.....###.####....'....#..#
.#...#........##..##..##.o..#..#
..#.#####>#####..†.'#####o.#####
##..# #.# #....##..%##+# #.#.#
#.######..##.....## .##.#
#...†.##o##.......+ ###.#
#.#####.@##...8...# ....#####.#
#..o.†)......# (.........#
#.(.(##.....## ###########
##)(#+##[.(## ##### ##### #.#
#.# #.# #.#


You could see an orc priest and an orc.

Vanquished Creatures
  2 orc wizards
  4 gnolls (D:2)
  6 adders
  2 worms (D:2)
  4 dart slugs (D:1)
  2 leopard geckos
  5 orcs (D:3)
  9 bats
  3 giant cockroaches
  12 goblins
  5 hobgoblins
  4 jackals (D:1)
  9 kobolds
  3 quokkas (D:2)
  2 ball pythons (D:1)
  4 frilled lizards
  12 rats
88 creatures vanquished.

Notes
Turn   | Place    | Note
-------+----------+-------------------------------------------
     0 | D:1      | MrRokkomies the Vampire Enchanter began the quest for the
                  | Orb.
     0 | D:1      | Reached XP level 1. HP: 13/13 MP: 3/3
   106 | D:1      | Reached XP level 2. HP: 16/19 MP: 5/5
   118 | D:1      | Learned a level 2 spell: Ensorcelled Hibernation
   274 | D:1      | You fall into a shaft and drop 1 floor!
   336 | D:1      | Reached skill level 5 in Hexes
   511 | D:1      | Reached XP level 3. HP: 22/24 MP: 6/6
  1199 | D:1      | Reached skill level 5 in Stealth
  1339 | D:2      | Reached XP level 4. HP: 19/30 MP: 0/7
  1380 | D:2      | Learned a level 3 spell: Confusing Touch
  2223 | D:3      | Reached skill level 6 in Hexes
  2223 | D:3      | Reached XP level 5. HP: 33/35 MP: 3/8
  3007 | D:3      | Killed from afar by an orc priest

Illustrated notes

Levels and vault maps discovered:
D:1:      denvon_arrival_hothouse, layout_loops_ring
D:2:      wad_woods_settlement, layout_basic
D:3:      minmay_bubble_buster, layout_loops_ring, first_ration

Skill      XL: |  1  2  3  4 |
---------------+-------------+-----
Short Blades   | 2 3 |  3.7
Hexes          | 5 6 |  6.6
Stealth        | 5 |  5.8
Dodging        | |  2.1
Spellcasting   | |  2.8

Action                   |  1- 3 |  4- 6 || total
-------------------------+-------+-------++-------
Melee: Dagger            |   125 |   131 ||   256
       Bite              |    11 |     4 ||    15
 Cast: Ensorcelled Hiber |     7 |    16 ||    23
       Corona            |     1 |       ||     1
Evoke: Wand              |       |     2 ||     2
  Use: Scroll            |     2 |     1 ||     3
       Potion            |       |     2 ||     2
 Stab: Sleeping          |    13 |    19 ||    32
Armor: Leather armour    |    25 |    32 ||    57
Dodge: Dodged            |    62 |    97 ||   159

Table legend:
 A = Non-vault XP
 B = Vault XP
 C = Vault XP percentage of total XP
 D = Non-vault monster count
 E = Vault monster count
 F = Vault count percentage of total count
                 A         B        C        D         E       F
            +---------+---------+-------+---------+---------+-------
      Total |     261 |      90 |  25.6 |      72 |      16 |  18.2
            +---------+---------+-------+---------+---------+-------
        D:1 |      77 |       0 |   0.0 |      36 |       0 |   0.0
        D:2 |      95 |      63 |  39.9 |      16 |       7 |  30.4
        D:3 |      89 |      27 |  23.3 |      20 |       9 |  31.0
            +---------+---------+-------+---------+---------+-------
